 Seeded DCSS version 0.29.1-1-gd02db6906a (webtiles) character file.

Game seed: 10364265286927963392 (custom seed)

5053 lonewolfV2 the Basher (level 10, -4/79 HPs)
             Began as a Demonspawn Fighter on Oct 17, 2022.
             Was a Believer of Makhleb.
             Slain by a yak (9 damage)
             ... on level 10 of the Dungeon.
             The game lasted 00:18:12 (11656 turns).

lonewolfV2 the Basher (Demonspawn Fighter)         Turns: 11656, Time: 00:18:13

Health: -4/79      AC: 10    Str: 22    XL:     10   Next: 31%
Magic:  10/10      EV:  9    Int:  9    God:    Makhleb [**....]
Gold:   564        SH:  7    Dex: 16    Spells: 9/9 levels left

rFire   . . .      SeeInvis .   m - +6 mace of the New World {drain, +Blink rN+ rCorr Dex+4}
rCold   . . .      Faith    .   c - +1 buckler
rNeg    + . .      Spirit   .   b - +0 scale mail
rPois   .          Reflect  .   (helmet restricted)
rElec   .          Harm     .   (no cloak)
rCorr   +          Rampage  .   (no gloves)
Will    .....                   (no boots)
Stlth   ..........              (no amulet)
HPRegen 0.23/turn               t - +4 ring of slaying
MPRegen 0.12/turn               p - +4 ring of slaying

@: no status effects
A: horns 1, icy blue scales 2, demonic guardian 1
a: Renounce Religion, Evoke Blink, Minor Destruction


You were on level 10 of the Dungeon.
You worshipped Makhleb.
Makhleb was pleased with you.
You visited 2 branches of the dungeon, and saw 11 of its levels.

You collected 564 gold pieces.

Inventory:

Hand Weapons
 a - a +1 flail of draining
 m - the +6 mace of the New World (weapon) {drain, +Blink rN+ rCorr Dex+4}
   (You found it on level 3 of the Dungeon)

   A truly terrible weapon, it drains the life of any living foe it strikes.
   Dex:       It affects your dexterity (+4).
   rN:        It protects you from negative energy.
   +Blink:    It lets you blink.
   rCorr:     It protects you from acid and corrosion.
Armour
 b - a +0 scale mail (worn)
 c - a +1 buckler (worn)
Jewellery
 p - a +4 ring of slaying (right hand)
 t - a +4 ring of slaying (left hand)
 z - a ring of flight
 C - a ring of ice
Wands
 k - a wand of roots (8)
 u - a wand of charming (6)
 y - a wand of light (7)
 D - a wand of flame (9)
Scrolls
 e - 4 scrolls of teleportation
 g - 3 scrolls of immolation
 n - 3 scrolls of identify
 w - a scroll of enchant armour
 A - a scroll of fog
 B - a scroll of magic mapping
Potions
 d - 5 potions of might
 f - 6 potions of heal wounds
 h - 5 potions of curing
 i - 4 potions of mutation
 j - 2 potions of attraction
 l - 3 potions of haste
 o - a potion of berserk rage {unknown}
 q - 2 potions of flight {unknown}
 r - a potion of resistance {unknown}
 s - 2 potions of lignification {unknown}
 v - 2 potions of magic {unknown}
 x - a potion of degeneration {unknown}


   Skills:
 + Level 7.5 Fighting
 * Level 9.1 Maces & Flails
 + Level 6.8 Armour
 + Level 6.8 Shields


You had 9 spell levels left.
You didn't know any spells.
Your spell library contained the following spells:

 Spells                   Type           Power      Damage    Failure   Level
 Magic Dart               Conj           0%         1d3       77%         1
 Call Imp                 Summ           0%         N/A       88%         2
 Mephitic Cloud           Conj/Pois/Air  0%         N/A       98%         3
 Summon Forest            Summ/Tloc      0%         N/A       100%        5
 Summon Mana Viper        Hex/Summ       0%         N/A       100%        5
 Eringya's Noxious Bog    Tmut/Pois      0%         N/A       100%        6
 Summon Cactus Giant      Summ           0%         N/A       100%        6
 Summon Hydra             Summ           0%         N/A       100%        7


Dungeon Overview and Level Annotations

Branches:
Dungeon (10/15)            Temple (1/1) D:6            Lair (0/5) D:9
    Orc: D:9-12

Altars:
Ashenzari
Cheibriados
Dithmenos
Fedhas
Gozag
Hepliaklqana
Kikubaaqudgha
Makhleb
Nemelex Xobeh
Qazlal
Ru
Sif Muna
Trog
Uskayaw
Vehumet
Wu Jian
Xom
Yredelemnul

Shops:
D:10 *

Annotations:
D:6 2 transporters, styxcanada's ghost, novice SpBr


Innate Abilities, Weirdness & Mutations

You have a pair of small horns on your head.
You are mostly covered in icy blue scales. (AC +3)
A weak demonic guardian rushes to your aid.


Message History

You hit the yak. You drain the yak. You headbutt the yak!
You kill the yak!
Makhleb accepts your kill. The yak barely misses you.
You hit the yak.
The yak is lightly wounded.
The yak gores you but does no damage. You block the yak's attack.
You closely miss the yak. You headbutt the yak!
The yak is heavily wounded.
The yak gores you but does no damage. The yak closely misses you.
You completely miss the yak.
The yak is heavily wounded.
The yak gores you. The yak closely misses you.
You sock the yak!
The yak is severely wounded.
The yak gores you!
* * * LOW HITPOINT WARNING * * *
The yak gores you.
* * * LOW HITPOINT WARNING * * *
You hit the yak. You headbutt the yak.
You kill the yak!
Makhleb accepts your kill.
You can now harness Makhleb's destructive might.
You thump the yak! You drain the yak.
The yak is moderately wounded.
The yak gores you.
* * * LOW HITPOINT WARNING * * *
You block the yak's attack.
You sock the yak! You drain the yak. Your headbutt misses the yak.
The yak is severely wounded.
The yak gores you.
* * * LOW HITPOINT WARNING * * *
The yak gores you.
* * * LOW HITPOINT WARNING * * *
You feel better.
Your shadow imp disappears in a puff of smoke!
The yak gores you.
* * * LOW HITPOINT WARNING * * *
The yak gores you!
You die...

#.# ## #... ...
... ....
##.##...##
##..#.....# #
...... ...
#.####Y.# ...#
#.#.ยง@Y.##...##
##....##........
#..............#
#......#########
#.........#
#.......#.###
######..#...#
######..###.#
#.......# #.#


You could see 2 yaks.

Vanquished Creatures
  A komodo dragon (D:9)
  A spriggan (D:8)
  7 yaks
  3 water moccasins
  2 ice beasts
  7 orc warriors
  2 sky beasts
  An ogre (D:6)
  2 centaurs (D:7)
  A bullfrog (D:7)
  2 kobold brigands
  A necrophage (D:7)
  2 scorpions
  7 killer bees
  2 howler monkeys
  A gnoll bouda (D:5)
  4 jellies
  4 hounds
  2 orc priests (D:9)
  7 iguanas
  Terence (D:3)
  16 orc wizards
  6 gnolls
  5 adders
  A white imp (D:6)
  3 dart slugs
  38 orcs
  3 ball pythons
  9 endoplasms
  A giant cockroach (D:1)
  11 goblins
  6 hobgoblins
  5 jackals (D:4)
  3 quokkas
  5 bats (D:3)
  2 frilled lizards (D:1)
  12 kobolds
  6 rats
192 creatures vanquished.

Vanquished Creatures (collateral kills)
  A yak (D:8)
  3 gnolls (D:3)
  A ball python (D:3)
5 creatures vanquished.

Vanquished Creatures (others)
  6 plants (D:6)
6 creatures vanquished.

Grand Total: 203 creatures vanquished

Notes
Turn   | Place    | Note
-------+----------+-------------------------------------------
     0 | D:1      | lonewolfV2 the Demonspawn Fighter began the quest for the
                  | Orb.
     0 | D:1      | Reached XP level 1. HP: 18/18 MP: 1/1
   103 | D:1      | Reached skill level 2 in Maces & Flails
   128 | D:1      | Gained mutation: A weak demonic guardian rushes to your
                  | aid. [demonic ancestry]
   128 | D:1      | Reached XP level 2. HP: 14/24 MP: 2/2
   651 | D:1      | Reached XP level 3. HP: 29/29 MP: 3/3
   690 | D:1      | Found a faded altar of an unknown god.
  1957 | D:3      | Identified the +6 mace of the New World {drain, +Blink rN+
                  | rCorr Dex+4}
  1961 | D:3      | Reached XP level 4. HP: 35/35 MP: 4/4
  2078 | D:3      | Reached skill level 3 in Maces & Flails
  2139 | D:3      | Reached XP level 5. HP: 15/42 MP: 5/5
  2439 | D:3      | Identified the +8 whip of Extremism {vamp, rC- rN+ Dex+2
                  | Stlth+}
  2911 | D:3      | Noticed Terence
  2916 | D:3      | Killed Terence
  3309 | D:4      | Noticed a water moccasin
  3317 | D:4      | Killed a water moccasin
  3318 | D:4      | Reached skill level 4 in Maces & Flails
  3318 | D:4      | Gained mutation: You are partially covered in icy blue
                  | scales. (AC +2) [demonic ancestry]
  3318 | D:4      | Reached XP level 6. HP: 31/48 MP: 6/6
  4037 | D:4      | Reached XP level 7. HP: 48/55 MP: 7/7
  4493 | D:5      | Entered Level 5 of the Dungeon
  4665 | D:5      | Reached skill level 5 in Maces & Flails
  5068 | D:5      | Found a sparkling altar of Nemelex Xobeh.
  5452 | D:6      | Found a staircase to the Ecumenical Temple.
  5462 | Temple   | Entered the Ecumenical Temple
  5675 | Temple   | Became a worshipper of Makhleb the Destroyer
  5719 | D:6      | Found a transporter.
  5725 | D:6      | Found a transporter.
  5758 | D:6      | Reached skill level 5 in Fighting
  6018 | D:6      | Reached XP level 8. HP: 47/62 MP: 8/8
  6134 | D:6      | Reached skill level 6 in Maces & Flails
  6306 | D:6      | Noticed styxcanada's ghost (novice SpBr)
  6505 | D:6      | Found a bloodstained altar of Trog.
  6613 | D:7      | Reached skill level 5 in Armour
  6613 | D:7      | Reached skill level 5 in Shields
  6620 | D:7      | HP: 3/63 [centaur (5)]
  6623 | D:7      | HP: 1/63 [orc/+0 hand axe (3)]
  6624 | D:7      | Reached * piety under Makhleb
  7656 | D:7      | Reached skill level 7 in Maces & Flails
  7809 | D:7      | Found an ancient bone altar of Kikubaaqudgha.
  7993 | D:7      | Gained mutation: You have a pair of small horns on your
                  | head. [demonic ancestry]
  7993 | D:7      | Reached XP level 9. HP: 63/69 MP: 9/9
  8460 | D:8      | Found a flagged portal.
  8860 | D:8      | Found a snail-covered altar of Cheibriados.
  8947 | D:8      | Found a hazy altar of Hepliaklqana.
  9009 | D:8      | Reached skill level 8 in Maces & Flails
 10282 | D:9      | Found a staircase to the Lair.
 10379 | D:9      | Gained mutation: You are mostly covered in icy blue scales.
                  | (AC +3) [demonic ancestry]
 10379 | D:9      | Reached XP level 10. HP: 71/79 MP: 10/10
 10389 | D:9      | Reached ** piety under Makhleb
 10898 | D:9      | Found a broken altar of Ashenzari.
 10962 | D:9      | Found an ornate altar of the Wu Jian Council.
 10965 | D:9      | Found a shimmering blue altar of Sif Muna.
 11588 | D:10     | Entered Level 10 of the Dungeon
 11600 | D:10     | Found Zin's Purification Station.
 11647 | D:10     | Reached skill level 9 in Maces & Flails
 11655 | D:10     | HP: 2/79 [yak (6)]
 11656 | D:10     | Slain by a yak

Illustrated notes

Levels and vault maps discovered:
D:1:      saegor_arrival_simple_c, layout_rooms,
          shapermc_ecumenical_altar_hornbeckon, chequers_garden
D:2:      layout_basic, solitary_fountain
D:3:      minmay_angry_zag, layout_rooms, uniq_terence
D:4:      layout_loops_ring, minmay_misc_feat_rows, minmay_tree_intersection
D:5:      layout_gridville, nemelex_xobeh_ov_fountains_minmay,
          chequers_serial_rivers_marsh
D:6:      layout_loops_ring, lemuel_coloured_pillars_altar,
          minmay_temple_entry_ruins, gammafunk_ghost_gnarly_gnolls
D:7:      layout_basic, kennysheep_mini_moat, minmay_misc_feat_rugged
D:8:      layout_basic, pf_just_have_faith, mainiacjoe_overflow_chevrons,
          enter_bailey_8, serial_corexii_hall, corexii_hall_statues_x,
          chequers_hall_statues_y, the_hattery
D:9:      layout_layer_cave, nicolae_overflow_hidden_temple, lair_entry_dummy,
          columned_hall_lemuel, chequers_serial_rivers_micro_a
D:10:     layout_basic, okawaru_gym_becter, zin_purify, serial_undead,
          serial_undead_c, serial_undead_b, serial_undead_f, serial_undead_d,
          minmay_between
Temple:   nicolae_temple_godzebo

Skill      XL: |  1  2  3  4  5  6  7  8  9 10 |
---------------+-------------------------------+-----
Maces & Flails | 2 3 4 5 7 8 9 |  9.1
Shields        | 3 4 5 6 |  6.8
Armour         | 3 4 5 6 |  6.8
Fighting       | 4 5 6 7 |  7.5

Action                   |  1- 3 |  4- 6 |  7- 9 | 10-12 || total
-------------------------+-------+-------+-------+-------++-------
Melee: Flail             |   106 |       |       |       ||   106
       Mace              |     1 |    93 |   210 |    43 ||   347
       Headbutt          |       |       |    15 |    12 ||    27
 Abil: Evoke Blink       |       |       |     2 |       ||     2
  Use: Scroll            |     3 |     4 |     8 |       ||    15
       Potion            |       |       |     6 |     1 ||     7
Armor: Scale mail        |    47 |    88 |    99 |    13 ||   247
Dodge: Dodged            |    47 |    86 |    79 |    13 ||   225
Block: Buckler           |    37 |    55 |    73 |    13 ||   178
